 Dungeon Crawl Stone Soup version 0.30-a0-591-g3c58d2bc28 (webtiles) character file.

Game seed: 16983541855698119356

997 cforsyth the Digger (level 8, -1/41 HPs)
             Began as a Gargoyle Earth Elementalist on Jan 5, 2023.
             Was a Believer of Vehumet.
             Slain by a gargoyle
             ... wielding a +0 mace
              (11 damage)
             ... in a bailey.
             The game lasted 00:12:32 (5885 turns).

cforsyth the Digger (Gargoyle Earth Elementalist)   Turns: 5885, Time: 00:12:33

Health: -1/41      AC: 10    Str: 12    XL:     8   Next: 19%
Magic:  7/16       EV: 11    Int: 18    God:    Vehumet [**....]
Gold:   266        SH:  0    Dex: 10    Spells: 14/18 levels left

rFire   . . .      SeeInvis .    (no weapon)
rCold   . . .      Faith    .    (no shield)
rNeg    + + .      Spirit   .    a - +0 robe
rPois   ∞          Reflect  .    (no helmet)
rElec   +          Harm     .    k - +0 cloak
rCorr   .          Rampage  .    c - +1 pair of gloves
Will    .....                    (no boots)
Stlth   ++                       (no amulet)
HPRegen 0.26/turn                h - ring of positive energy
MPRegen 0.15/turn                r - ring of wizardry

@: brilliant
A: sickness immunity, AC +5, negative energy resistance 1, electricity
resistance, torment resistance 1, petrification resistance
a: Renounce Religion


You were in a bailey.
You worshipped Vehumet.
Vehumet was pleased with you.
You visited 1 branch of the dungeon, and saw 8 of its levels.
You also visited: Sewer and Bailey.

You collected 266 gold pieces.

Inventory:

Armour
 a - a +0 robe (worn)
 c - a +1 pair of gloves (worn)
 k - a +0 cloak (worn)
Jewellery
 h - a ring of positive energy (left hand)
 r - a ring of wizardry (right hand)
 x - an amulet of the acrobat
Wands
 y - a wand of flame (11)
 z - a wand of polymorph (9)
Scrolls
 b - a scroll of enchant weapon {unknown}
 e - 2 scrolls of blinking
 f - 3 scrolls of enchant armour
 g - 6 scrolls of fear
 j - 2 scrolls of immolation
 l - 2 scrolls of teleportation
Potions
 d - 3 potions of might
 i - 2 potions of brilliance
 m - a potion of heal wounds {unknown}
 n - a potion of resistance {unknown}
 o - a potion of mutation {unknown}
 p - a potion of flight {unknown}
 q - 2 potions of haste {unknown}
 s - 3 potions of curing {unknown}
 u - a potion of degeneration {unknown}
 v - a potion of berserk rage {unknown}
 w - a potion of attraction {unknown}


   Skills:
 - Level 1.5 Dodging
 - Level 2.1 Stealth
 + Level 5.7 Spellcasting
 + Level 4.0 Conjurations
 - Level 0.7 Transmutations
 + Level 7.9 Earth Magic


You had 14 spell levels left.
You knew the following spells:

 Your Spells              Type           Power      Damage    Failure   Level
a - Sandblast             Erth           100%       2d20      1%          1
b - Stone Arrow           Conj/Erth      80%        3d12      1%          3

Your spell library contained the following spells:

 Spells                   Type           Power      Damage    Failure   Level
 Foxfire                  Conj/Fire      72%        2x1d7     2%          1
 Passwall                 Tmut/Erth      25%        N/A       1%          2
 Apportation              Tloc           14%        N/A       4%          1
 Slow                     Hex            28%        N/A       4%          1
 Summon Small Mammal      Summ           28%        N/A       4%          1
 Petrify                  Tmut/Erth      31%        N/A       9%          4
 Call Canine Familiar     Summ           7%         N/A       16%         3
 Confusing Touch          Hex            7%         N/A       16%         3
 Summon Guardian Golem    Hex/Summ       7%         N/A       16%         3
 Vampiric Draining        Necr           7%         2d6       16%         3
 Alistair's Intoxication  Tmut/Pois      6%         N/A       71%         5


Dungeon Overview and Level Annotations

Branches:
Dungeon (8/15)              Sewer (visited)          Bailey (1/1)
 Temple: D:4-7         Lair: D:8-11

Altars:
Vehumet
Xom

Shops:
D:4 (


Innate Abilities, Weirdness & Mutations

You are immune to sickness and miasma.
Your stone body is resilient. (AC +5)
You are immune to poison.
You resist negative energy. (rN+)
You are resistant to electric shocks. (rElec)
You are resistant to unholy torment.
You are immune to petrification.


Message History

The blast of sand hits the orc zombie!!
You destroy the orc zombie!
Vehumet accepts your kill.
Vehumet offers you knowledge of Foxfire.
You feel your power returning.
You see here a +0 spear.
A gargoyle comes into view. It is wielding a +0 mace.
The blast of sand hits the gargoyle but does no damage.
The gargoyle hurls a stone arrow at you.
The stone arrow misses you.
The gargoyle hurls a stone arrow at you.
The stone arrow misses you.
The blast of sand hits the gargoyle but does no damage.
The blast of sand hits the gargoyle but does no damage.
The gargoyle hurls a stone arrow at you.
The stone arrow misses you.
The blast of sand hits the gargoyle but does no damage.
The gargoyle hurls a stone arrow at you.
The stone arrow hits you!!
Ouch! That really hurt!
You are too injured to fight recklessly!
Unknown command.
Casting: Sandblast (safe; 1% risk of failure)
Confirm with . or Enter, or press ? or * to list all spells.
Aiming: Stone Arrow (safe; 1% risk of failure)
Press: ? - help, Shift-Dir - straight line, f/p - gargoyle
Aim: a gargoyle, wielding a +0 mace (86% to hit)
The stone arrow hits the gargoyle but does no damage.
Casting: Stone Arrow (safe; 1% risk of failure)
Confirm with . or Enter, or press ? or * to list all spells.
Aiming: Stone Arrow (safe; 1% risk of failure)
Press: ? - help, Shift-Dir - straight line, f/p - gargoyle
Aim: a gargoyle, wielding a +0 mace (86% to hit)
The stone arrow hits the gargoyle!
The gargoyle is moderately damaged.
The gargoyle hits you with a +0 mace.
* * * LOW HITPOINT WARNING * * *
You feel clever all of a sudden. The gargoyle hits you with a +0 mace!
You die...

#....♣....♣.#
#.......)...#
#.♣.....♣...#
#..♣........#
#...♣....#...####
#.......####....+
#8.....##..##...+
#########....#...#
#.....9@..)......#
#........)#......#
###++##...##....8#
##...#######
##.... #8....
#######


You could see a gargoyle.

Vanquished Creatures
  A black bear (D:4)
  3 kobold brigands (Sewer)
  A scorpion (D:5)
  A bullfrog (D:7)
  4 crimson imps (D:3)
  3 orc priests
  An orc wizard (D:3)
  11 gnolls
  4 adders
  7 river rats
  An ufetubus (D:4)
  2 worms
  A dart slug (D:2)
  6 orcs
  11 ball pythons
  An endoplasm (D:1)
  10 giant cockroaches
  7 goblins
  5 hobgoblins
  5 jackals
  3 quokkas
  5 bats
  5 frilled lizards
  5 kobolds
  10 orc zombies (Bailey)
  18 rats
131 creatures vanquished.

Vanquished Creatures (others)
  4 plants (Sewer)
4 creatures vanquished.

Grand Total: 135 creatures vanquished

Notes
Turn   | Place    | Note
-------+----------+-------------------------------------------
     0 | D:1      | cforsyth the Gargoyle Earth Elementalist began the quest
                  | for the Orb.
     0 | D:1      | Reached XP level 1. HP: 10/10 MP: 3/3
   185 | D:1      | Found a faded altar of an unknown god.
   260 | D:1      | Reached skill level 4 in Earth Magic
   260 | D:1      | Reached XP level 2. HP: 15/15 MP: 3/5
   958 | D:2      | Reached XP level 3. HP: 19/19 MP: 4/7
  1543 | D:2      | Reached XP level 4. HP: 20/24 MP: 2/8
  1824 | D:3      | Reached skill level 5 in Earth Magic
  1848 | D:3      | Found a glowing drain.
  1978 | Sewer    | Entered a sewer
  1984 | Sewer    | Noticed a kobold brigand
  2058 | Sewer    | Reached XP level 5. HP: 28/28 MP: 2/10
  2408 | Sewer    | Noticed a kobold brigand
  2426 | Sewer    | Killed a kobold brigand
  2427 | Sewer    | Reached skill level 6 in Earth Magic
  2589 | Sewer    | Noticed a kobold brigand
  2598 | Sewer    | Killed a kobold brigand
  2599 | Sewer    | Reached XP level 6. HP: 32/32 MP: 6/12
  2658 | Sewer    | Learned a level 3 spell: Stone Arrow
  2915 | Sewer    | Reached skill level 1 in Conjurations
  3315 | D:3      | Found a radiant altar of Vehumet.
  3350 | D:3      | Became a worshipper of Vehumet
  3489 | D:3      | Found a shimmering altar of Xom.
  3579 | D:3      | Reached XP level 7. HP: 36/36 MP: 8/14
  3916 | D:3      | Reached skill level 7 in Earth Magic
  4008 | D:3      | Reached skill level 5 in Spellcasting
  4663 | D:4      | Reached * piety under Vehumet
  4663 | D:4      | Offered knowledge of Magic Dart by Vehumet.
  5072 | D:4      | Found Nymecw's Weapon Shop.
  5313 | D:5      | Entered Level 5 of the Dungeon
  5362 | D:5      | Reached XP level 8. HP: 41/41 MP: 14/16
  5499 | D:5      | You fall into a shaft and drop 3 floors!
  5608 | D:7      | Found a flagged portal.
  5634 | Bailey   | Entered a bailey
  5872 | Bailey   | Reached ** piety under Vehumet
  5872 | Bailey   | Offered knowledge of Foxfire by Vehumet.
  5877 | Bailey   | Noticed a gargoyle
  5885 | Bailey   | Slain by a gargoyle

Illustrated notes

Levels and vault maps discovered:
D:1:      co_arrival_random_square_maze, layout_basic,
          shapermc_ecumenical_altar_mp_ritualfount
D:2:      layout_rooms, kennysheep_minor_cross, minmay_misc_feat_x,
          minmay_fountain_box, ebering_dispersal_statue_hall
D:3:      layout_loops_ring, led_xom_imps, mainiacjoe_overflow_surrounded_room,
          portal_sewer_entry_e
D:4:      layout_cave_pods, serial_shops, nicolae_shop_bloodbath_and_beyond,
          kennysheep_small_circle
D:5:      layout_rooms, minmay_temple_entry_fiery, uniq_grinder,
          uniq_crazy_yiuf_cottage
D:6:      layout_basic, lemuel_round_altar
D:7:      layout_basic, enter_bailey_4, biasface_ghost_orc_armoury,
          uniq_menkaure
D:8:      layout_loops_corners, dpeg_oklobed_lair
Bailey:   bailey_polearm_vampire_castle_hellmonk, bailey

Skill      XL: |  1  2  3  4  5  6  7  8 |
---------------+-------------------------+-----
Earth Magic    | 4 5 6 7 |  7.9
Spellcasting   | 3 4 5 |  5.7
Conjurations   | 1 3 4 |  4.0
Dodging        | |  1.5
Stealth        | |  2.1
Transmutations | |  0.7

Action                   |  1- 3 |  4- 6 |  7- 9 || total
-------------------------+-------+-------+-------++-------
Melee: Unarmed           |       |     6 |       ||     6
 Cast: Sandblast         |    50 |    98 |    94 ||   242
       Stone Arrow       |       |       |     2 ||     2
  Use: Scroll            |       |     6 |     2 ||     8
       Potion            |       |     1 |     1 ||     2
Armor: Robe              |    15 |    22 |    28 ||    65
Dodge: Dodged            |    19 |    32 |    33 ||    84

Table legend: (Time is in decaauts)
 A = Elapsed time spent in this place.
 B = Non-inter-level travel time spent in this place.
 C = Inter-level travel time spent in this place.
 D = Time resting spent in this place.
 E = Time spent auto-exploring this place.
 F = Levels seen in this place.
 G = Mean time per level.
                   A        B        C        D        E       F      G
               +--------+--------+--------+--------+--------+-----+--------+
         Total |   6222 |   6098 |    124 |   1005 |   3741 |  10 |  622.2 |
       Dungeon |   4458 |   4334 |    124 |    492 |   2962 |   8 |  557.2 |
         Sewer |   1503 |   1503 |      0 |    371 |    738 |   1 | 1503.0 |
        Bailey |    260 |    260 |      0 |    142 |     41 |   1 |  260.0 |
               +--------+--------+--------+--------+--------+-----+--------+

Top non-repeatable levels by time:
   Sewer: 1503 daAuts
     D:3: 1365 daAuts
     D:2: 1033 daAuts
     D:1: 885 daAuts
     D:4: 869 daAuts
  Bailey: 260 daAuts
     D:5: 166 daAuts
     D:7: 79 daAuts
     D:8: 57 daAuts
     D:6: 1 daAuts
